 Dungeon Crawl Stone Soup version 0.20.0-7-g3b7b877 (webtiles) character file.

1411 cereshysteria the Spear-Bearer (level 8, -1/64 HPs)
             Began as a Minotaur Monk on May 29, 2017.
             Slain by Joseph
             ... wielding a +0 quarterstaff
              (6 damage)
             ... on level 7 of the Dungeon.
             The game lasted 00:09:59 (4735 turns).

cereshysteria the Spear-Bearer (Minotaur Monk)      Turns: 4735, Time: 00:10:00

Health: -1/64      AC: 10    Str: 16    XL:     8   Next: 43%
Magic:  7/7        EV: 12    Int:  7    God:
Gold:   341        SH:  0    Dex: 15    Spells: 7/7 levels left

rFire    + . .     SeeInvis .   j - +0 spear (pierce)
rCold    x . .     Gourm    .   (no shield)
rNeg     . . .     Faith    .   e - +1 ring mail
rPois    .         Spirit   .   (helmet restricted)
rElec    .         Reflect  .   (no cloak)
rCorr    .         Harm     .   (no gloves)
MR       .....                  (no boots)
Stlth    +.........             (no amulet)
Regen    0.2/turn               t - +3 ring of protection
MPRegen  0.1/turn               B - ring of fire

@: drained
A: retaliatory headbutt, horns 2
a: no special abilities


You were on level 7 of the Dungeon.
You were not hungry.

You visited 1 branch of the dungeon, and saw 7 of its levels.

You collected 341 gold pieces.

Inventory:

Hand Weapons
 j - a +0 spear of piercing (weapon)
Armour
 e - a +1 ring mail (worn)
Jewellery
 a - an uncursed ring of fire
 t - a +3 ring of protection (left hand)
 B - a ring of fire (right hand)
Wands
 v - a wand of enslavement (9/24)
 z - a wand of flame (23/48)
Scrolls
 d - a scroll of magic mapping
 f - a scroll of noise
 i - 2 scrolls of amnesia
 l - 9 scrolls of identify
 m - a scroll of enchant armour
 n - a scroll of fog
 q - a scroll of remove curse
 x - 2 scrolls of teleportation {unknown}
Potions
 b - 3 potions of heal wounds {unknown}
 g - 3 potions of curing {unknown}
 h - a potion of invisibility {unknown}
 k - 2 potions of agility {unknown}
 o - 2 potions of might {unknown}
 p - 3 potions of lignification {unknown}
 r - 2 potions of magic {unknown}
 w - a potion of brilliance {unknown}
 A - a potion of resistance {unknown}
Comestibles
 c - 4 bread rations
 s - 17 fruits
 u - 2 royal jellies


   Skills:
 - Level 3.6(3.1) Fighting
   Level 4.2(3.8) Maces & Flails
 * Level 9.8(9.3) Polearms
 + Level 7.0(6.5) Armour
 - Level 3.2(2.8) Dodging
 - Level 1.5(1.1) Stealth


You had 7 spell levels left.
You didn't know any spells.

Dungeon Overview and Level Annotations

Branches:
Dungeon (7/15)             Temple (0/1) D:7

Altars:
Qazlal
Xom

Annotations:
D:7 Joseph


Innate Abilities, Weirdness & Mutations

You reflexively headbutt those who attack you in melee.
You have a pair of horns on your head.


Message History

The gnoll hits you from afar with a halberd.
The killer bee stings you.
* * * LOW HITPOINT WARNING * * *
The killer bee stings you.
* * * LOW HITPOINT WARNING * * *
You miss the killer bee. You headbutt the killer bee.
You kill the killer bee!
Your base Armour skill increases to level 7!
The gnoll closely misses you. You furiously retaliate!
You headbutt the gnoll! The gnoll barely misses you.
The gnoll closely misses you.
You barely miss the gnoll. You headbutt the gnoll.
You kill the gnoll!
Joseph shoots a sling bullet.
The sling bullet hits you!
* * * LOW HITPOINT WARNING * * *
The gnoll closely misses you.
Joseph unwields an uncursed hunting sling.
Joseph wields an uncursed quarterstaff.
Joseph hits you with an uncursed quarterstaff.
You die...

#(.# #.# #.#..#
#.g###.# #.####
#(.....####.#####
#.......)..#....#
#.#########.###...[
########.# #.# ##
.........# #.#
########g#########.#
#@@(......^.#
#############


You could see Joseph and a gnoll.

Vanquished Creatures
  Edmund (D:5)
  An orc warrior (D:6)
  An ogre (D:5)
  2 centaurs (D:5)
  2 bullfrogs (D:6)
  2 scorpions (D:5)
  A killer bee (D:7)
  3 wights
  2 crimson imps
  2 hounds (D:4)
  2 orc priests (D:5)
  3 orc wizards
  An iguana (D:5)
  2 worker ants
  8 adders
  A howler monkey skeleton (D:6)
  A gnoll (D:7)
  2 shadow imps
  2 worms (D:2)
  6 leopard geckos
  23 orcs
  A giant cockroach (D:2)
  7 goblins
  8 hobgoblins
  12 jackals
  2 kobolds
  4 quokkas
  A ball python (D:2)
  5 bats
  A frilled lizard (D:2)
  A giant cockroach zombie (D:5)
  A leopard gecko skeleton (D:4)
  A quokka skeleton (D:4)
  A quokka zombie (D:5)
  5 rats
118 creatures vanquished.

Notes
Turn   | Place    | Note
-------+----------+-------------------------------------------
     0 | D:1      | cereshysteria the Minotaur Monk began the quest for the Orb.
     0 | D:1      | Reached XP level 1. HP: 19/19 MP: 0/0
   279 | D:1      | Reached skill level 1 in Armour
   288 | D:1      | Reached XP level 2. HP: 22/26 MP: 1/1
   681 | D:2      | Reached skill level 1 in Polearms
   683 | D:2      | Reached XP level 3. HP: 31/31 MP: 2/2
   724 | D:2      | Reached skill level 2 in Polearms
   950 | D:2      | Reached skill level 3 in Polearms
   950 | D:2      | Reached XP level 4. HP: 38/39 MP: 3/3
   960 | D:2      | Found a shimmering altar of Xom.
  1301 | D:3      | Found a faded altar of an unknown god.
  1621 | D:4      | Reached skill level 4 in Polearms
  1621 | D:4      | Reached XP level 5. HP: 45/45 MP: 4/4
  1979 | D:5      | Entered Level 5 of the Dungeon
  1986 | D:5      | Reached skill level 5 in Polearms
  2416 | D:5      | Noticed a centaur
  2421 | D:5      | Killed a centaur
  2421 | D:5      | Reached XP level 6. HP: 38/51 MP: 5/5
  2585 | D:5      | Reached skill level 6 in Polearms
  2657 | D:5      | Noticed Edmund
  2686 | D:5      | Killed Edmund
  2686 | D:5      | Reached skill level 7 in Polearms
  2686 | D:5      | Reached skill level 5 in Armour
  2686 | D:5      | Reached XP level 7. HP: 35/57 MP: 6/6
  3379 | D:5      | Reached skill level 8 in Polearms
  3521 | D:6      | Found a stormy altar of Qazlal.
  3524 | D:6      | Noticed a fire elemental
  3525 | D:6      | Noticed a water elemental
  3525 | D:6      | Noticed an air elemental
  3534 | D:6      | Reached XP level 8. HP: 64/64 MP: 7/7
  3537 | D:6      | Got a slimy iron ring
  3720 | D:6      | Reached skill level 9 in Polearms
  4356 | D:6      | Identified the cursed ring of Wuleaxywn {Slay-2 Stlth+} (You found it on level 6 of the Dungeon)
  4600 | D:7      | Found a staircase to the Ecumenical Temple.
  4691 | D:7      | Noticed Joseph
  4735 | D:7      | Slain by Joseph

Skill      XL: |  1  2  3  4  5  6  7  8 |
---------------+-------------------------+-----
Maces & Flails | 4 |  4.2
Armour         | 1 2 3 4 5 6 7 |  7.0
Polearms       | 1 3 4 5 7 8 9 |  9.8
Fighting       | |  3.6
Dodging        | |  3.2
Stealth        | |  1.5

Action                   |  1- 3 |  4- 6 |  7- 9 || total
-------------------------+-------+-------+-------++-------
Melee: Mace              |    18 |       |       ||    18
       Headbutt          |    15 |    24 |    32 ||    71
       Spear             |    60 |   165 |   164 ||   389
  Use: Scroll            |       |     8 |     2 ||    10
 Stab: Sleeping          |       |     1 |       ||     1
  Eat: Chunk             |       |     5 |     3 ||     8
       Fruit             |       |     1 |     1 ||     2
       Bread ration      |       |       |     1 ||     1
Armor: Ring mail         |    16 |    58 |    38 ||   112
Dodge: Dodged            |    44 |    77 |    63 ||   184
